 Dungeon Crawl Stone Soup version 0.31-a0-826-ga5cc291a1b (webtiles) character file.

Game seed: 8234235824776059787

62 qw the Shooter (level 4, 0/28 HPs)
             Began as a Gargoyle Hunter on Sept 23, 2023.
             Slain by a hobgoblin (5 damage)
             ... led by Robin
             ... on level 3 of the Dungeon.
             The game lasted 00:00:47 (1823 turns).

qw the Shooter (Gargoyle Hunter)                    Turns: 1823, Time: 00:00:48

Health: 0/28       AC:  8    Str: 15    XL:     4   Next: 8%
Magic:  4/4        EV: 11    Int:  9    God:
Gold:   143        SH:  0    Dex: 15    Spells: 3/3 levels left

rFire   . . .        Y - +0 shortbow
rCold   . . .        (shield currently unavailable)
rNeg    + . .        c - +0 leather armour
rPois   inf          j - +2 hat {SInv}
rElec   +            (no cloak)
rCorr   .            (no gloves)
SInv    +            (no boots)
Will    .....        h - amulet of faith
Stlth   ++           (no ring)
HPRegen 0.24/turn    (no ring)
MPRegen 0.09/turn

%: faith
@: no status effects
A: sickness immunity, AC +3, negative energy resistance 1, electricity
resistance, torment resistance 1, petrification resistance
a: no special abilities


You were on level 3 of the Dungeon.
You visited 1 branch of the dungeon, and saw 3 of its levels.

You collected 143 gold pieces.


Innate Abilities, Weirdness & Mutations

You are immune to sickness and miasma.
Your stone body is resilient. (AC +3)
You are immune to poison.
You resist negative energy. (rN+)
You are resistant to electric shocks. (rElec)
You are resistant to unholy torment.
You are immune to petrification.


   Skills:
 - Level 3.0 Fighting
 + Level 5.2 Ranged Weapons
 - Level 1.5 Dodging
 - Level 1.1 Stealth


You had 3 spell levels left.
You didn't know any spells.
Your spell library was empty.

Inventory:

Hand Weapons
 Y - a +0 shortbow (weapon)
Armour
 c - a +0 leather armour (worn)
 j - a +2 hat of see invisible (worn)
Jewellery
 a - a ring of fire
 h - an amulet of faith (around neck)
Scrolls
 e - 2 scrolls of identify
Potions
 b - a potion of degeneration {unknown}
 g - 2 potions of curing
 i - a potion of attraction {unknown}
 k - a potion of haste {unknown}

Dungeon Overview and Level Annotations

Branches:
Dungeon (3/15)

Altars:
Xom

Annotations:
D:2 1 runed translucent door, Crazy Yiuf
D:3 exclusions: orc and orc priest, Robin


Message History

The goblin closely misses you. The goblin hits you but does no damage.
The goblin hits you with a +0 club.
Robin roars a battlecry!
The goblins go into a battle-frenzy!
The goblin completely misses you.
A goblin comes into view. It is wielding a +0 club.
The goblin hits you but does no damage. The goblin hits you with a +0 club.
You hear a shout!
You shoot an arrow. The arrow hits the goblin.
You kill the goblin!
The goblin misses you. The goblin closely misses you.
You shoot an arrow. The arrow hits the dart slug.
The dart slug is moderately wounded.
The goblin hits you with a +0 dagger. The dart slug bites you.
The goblin hits you but does no damage.
You shoot an arrow. The arrow hits the dart slug.
The dart slug is almost dead.
The goblin hits you with a +0 dagger. The goblin misses you.
The dart slug barely misses you.
You shoot an arrow. The arrow hits the dart slug!
You kill the dart slug!
The goblin hits you but does no damage. The goblin hits you with a +0 club.
You have reached level 4!
You feel stronger.
You shoot an arrow. The arrow misses the goblin.
The goblin hits you but does no damage. x2; The goblin misses you.
You shoot an arrow. The arrow hits the goblin!
You kill the goblin!
The goblin barely misses you.
A goblin comes into view. It is wielding a +0 dagger.
The goblin hits you but does no damage. The goblin hits you with a +0 dagger.
The goblin hits you but does no damage. The goblin misses you.
You shoot an arrow. The arrow hits the goblin.
You kill the goblin!
The goblin hits you with a +0 dagger.
A goblin comes into view. It is wielding a +0 club.
The goblin barely misses you.
You shoot an arrow. The arrow closely misses the hobgoblin.
The goblin shouts!
The goblin hits you but does no damage. The hobgoblin hits you.
You die...

### #######.# #
........# ###.#
.######.# ...
###.########g##
#.........:@gg#
#.#.########gl#
#.#.#


gg# #.#.# .g# #.#.# g.# #.#.# ..# #.#.# g.. #.#.# ..# #.# You could see Robin, 2
hobgoblins, 6 goblins and a frilled lizard.

Vanquished Creatures
  2 dart slugs
  An orc (D:3)
  2 ball pythons (D:1)
  4 bats
  4 endoplasms (D:1)
  4 giant cockroaches
  5 goblins
  3 hobgoblins
  3 quokkas
  6 frilled lizards
  11 kobolds
  8 rats (D:1)
53 creatures vanquished.

Notes
Turn   | Place    | Note
-------+----------+-------------------------------------------
     0 | D:1      | qw the Gargoyle Hunter began the quest for the Orb.
     0 | D:1      | Reached XP level 1. HP: 12/12 MP: 1/1
     0 | D:1      | 0 ||| qw: Version: 0.3-a-83-gcd0e7d8
     0 | D:1      | 0 ||| qw: Game counter: 1867
     0 | D:1      | 0 ||| qw: Melee chars always use a shield: true
     0 | D:1      | 0 ||| qw: God list: Okawaru
     0 | D:1      | 0 ||| qw: Allow faded altars: false
     0 | D:1      | 0 ||| qw: Do Orc after clearing Dungeon:15 true
     0 | D:1      | 0 ||| qw: Do second Lair branch before Depths: true
     0 | D:1      | 0 ||| qw: Lair rune preference: random
     0 | D:1      | 0 ||| qw: Goals: Normal
     0 | D:1      | 0 ||| PLANNING D:1-11
   124 | D:1      | Reached XP level 2. HP: 17/17 MP: 2/2
   238 | D:1      | Found a faded altar of an unknown god.
   370 | D:1      | Reached XP level 3. HP: 21/21 MP: 3/3
   395 | D:1      | Reached skill level 5 in Ranged Weapons
   718 | D:1      | 718 ||| UPGRADING to +2 hat of see invisible.
   723 | D:1      | 723 ||| UPGRADING to amulet of faith.
   728 | D:1      | 728 ||| DROPPING ring of flight.
   729 | D:1      | 729 ||| READING scroll labelled LAONEOVELE.
   730 | D:1      | 730 ||| READING 2 scrolls labelled SANEIN CEIXZANG.
   731 | D:1      | 731 ||| READING scroll labelled UHICWU JYOTAGH.
   732 | D:1      | 732 ||| DROPPING scroll of butterflies.
  1093 | D:2      | Reached skill level 3 in Fighting
  1137 | D:2      | Found a runed translucent door.
  1138 | D:2      | Noticed Crazy Yiuf
  1378 | D:2      | 1378 ||| DROPPING amulet of guardian spirit.
  1379 | D:2      | 1379 ||| READING scroll labelled FURGHA CUBRIWYQ.
  1380 | D:2      | 1380 ||| READING scroll labelled DIORYA DIHUOKK.
  1381 | D:2      | 1381 ||| DRINKING 3 fuming blue potions.
  1449 | D:3      | Found a shimmering altar of Xom.
  1455 | D:3      | 1455 ||| FLEEEEING.
  1469 | D:3      | 1469 ||| FLEEEEING.
  1470 | D:3      | 1470 ||| FLEEEEING.
  1471 | D:3      | 1471 ||| FLEEEEING.
  1472 | D:3      | 1472 ||| FLEEEEING.
  1475 | D:3      | 1475 ||| STAIRDANCE
  1811 | D:3      | Noticed Robin
  1820 | D:3      | Reached XP level 4. HP: 8/28 MP: 4/4
  1821 | D:3      | HP: 7/28 [goblin/+0 dagger[Robin] (1)]
  1823 | D:3      | Slain by a hobgoblin

Levels and vault maps discovered:
D:1:      lemuel_arrival_room, layout_basic, dreamdust_ecumenical_altar_statues,
          lexackson_kobold_supper
D:2:      layout_rooms, kennysheep_minor_cross, uniq_crazy_yiuf_cottage
D:3:      layout_basic, mainiacjoe_overflow_boulevard,
          mainiacjoe_overflow_catwalk_spiral, uniq_robin, uniq_ijyb,
          uniq_grinder

Skill      XL: |  1  2  3 |
---------------+----------+-----
Ranged Weapons | 5 |  5.2
Fighting       | 3 |  3.0
Dodging        | |  1.5
Stealth        | |  1.1

Action                     |  1- 3 |  4- 6 || total
---------------------------+-------+-------++-------
   Fire: Shortbow          |   150 |     4 ||   154
    Use: Scroll            |     5 |       ||     5
         Potion            |     1 |       ||     1
 Armour: Leather armour    |    55 |     8 ||    63
  Dodge: Dodged            |    39 |     4 ||    43

Table legend:
 A = Non-vault XP
 B = Vault XP
 C = Vault XP percentage of total XP
 D = Non-vault monster count
 E = Vault monster count
 F = Vault count percentage of total count
                 A         B        C        D         E       F
            +---------+---------+-------+---------+---------+-------
      Total |      70 |      19 |  21.3 |      41 |      12 |  22.6
            +---------+---------+-------+---------+---------+-------
        D:1 |      44 |      10 |  18.5 |      27 |       7 |  20.6
        D:2 |      16 |       2 |  11.1 |      10 |       1 |   9.1
        D:3 |      10 |       7 |  41.2 |       4 |       4 |  50.0
            +---------+---------+-------+---------+---------+-------
